AoeStats
← TT

Baltic

510576395Analyzed
4v4 RM · 12h ago on Oct 1, 2026· 37m 23s· 8 players
Game mode
Random Map
Map size
Large (8 player)
Population
200
Speed
Normal
Resources
Standard
Victory
Conquest
Starting age
Dark Age
Ending age
Imperial Age
RankedLock teamsTeams togetherTeam positionsShared explorationLock speedFull tech treeHidden civsTurbo modeCheats
Victory
Defeat
🇧🇷 Khmer · Brazil
1098
+14
🇺🇸 Japanese · United States
1059
+15
🇦🇷 Ethiopians · Argentina
1047
+16
🇹🇷 Persians · Türkiye
1027
+17
🇮🇳 Jurchens · India
1077
-17
🇵🇹 Franks · Portugal
1070
-16
🇧🇩 Vikings · Bangladesh
1027
-15
🇬🇧 Japanese · United Kingdom
1016
-14
Nuhro
5:03 Loom
11:24 Feudal Age
15:24 Castle Age
13:14 Double-Bit Axe
16:13 Bow Saw
17:51 Horse Collar
21:58 Wheelbarrow
21:10 Loom
22:26 Gold Mining
23:00 Heavy Plow
27:32 Coinage
27:31 Hand Cart
29:54 Imperial Age
28:00 Bloodlines
27:56 Scale Barding Armor
28:02 Forging
28:01 Husbandry
28:56 Town Watch
31:12 Two-Man Saw
29:38 Cavalier
30:40 Chain Barding Armor
30:55 Iron Casting
30:42 Stone Mining
33:59 Town Watch
34:53 Plate Barding Armor
34:29 Savar
37:46 Blast Furnace
38:06 Conscription
38:32 Gold Shaft Mining
38:33 Stone Shaft Mining
Standing Alone!
12:23 Feudal Age
13:01 Double-Bit Axe
14:30 Town Watch
15:14 Fletching
18:04 Castle Age
16:50 Gold Mining
16:47 Fishing Lines
17:59 Scale Mail Armor
18:12 Loom
19:00 Medium Warships
18:42 Gillnets
19:57 Bodkin Arrow
21:14 Wheelbarrow
20:04 Pikeman
21:01 Padded Archer Armor
22:15 Ballistics
23:21 Careening
26:08 Leather Archer Armor
26:51 Clinker Construction
28:50 Man-at-Arms
29:56 Chain Mail Armor
30:01 Elite Skirmisher
33:01 Long Swordsman
33:27 Gambesons
33:42 Squires
33:27 Arson
34:14 Horse Collar
37:37 Imperial Age
36:56 Hand Cart
37:01 Bow Saw
Rap7or
5:03 Loom
10:20 Feudal Age
16:22 Castle Age
14:58 Double-Bit Axe
27:11 Imperial Age
24:35 Crossbowman
26:16 Horse Collar
26:37 Fletching
26:48 Padded Archer Armor
28:09 Wheelbarrow
27:29 Arbalester
28:31 Bow Saw
30:04 Chemistry
29:48 Bodkin Arrow
30:43 Ballistics
30:31 Bracer
31:46 Thumb Ring
32:47 Squires
35:28 Hand Cart
35:34 Leather Archer Armor
35:30 Forging
36:44 Conscription
TT
2:07 Loom
15:47 Feudal Age
16:25 Town Watch
16:55 Double-Bit Axe
17:34 Forging
17:25 Scale Mail Armor
25:39 Castle Age
25:53 Gold Mining
29:22 Fletching
34:58 Imperial Age
36:13 Wheelbarrow
36:45 Stone Mining
House of Bebu
11:20 Feudal Age
10:17 Loom
18:44 Castle Age
17:00 Double-Bit Axe
16:58 Horse Collar
19:02 Fletching
23:04 Forging
24:51 Heavy Plow
27:45 Wheelbarrow
27:19 Stone Mining
28:37 Bodkin Arrow
29:09 Ballistics
28:31 Treadmill Crane
29:39 Bow Saw
31:31 Iron Casting
32:26 Scale Mail Armor
Zé Gui
9:24 Loom
11:11 Feudal Age
13:25 Double-Bit Axe
15:08 Wheelbarrow
18:49 Castle Age
17:38 Scale Barding Armor
18:31 Forging
18:22 Gold Mining
20:34 Chain Barding Armor
21:05 Gold Mining
23:42 Bow Saw
23:59 Husbandry
28:15 Hand Cart
35:18 Imperial Age
findingmontoo7
8:05 Loom
10:57 Feudal Age
11:37 Double-Bit Axe
11:36 Horse Collar
15:09 Forging
20:18 Wheelbarrow
23:13 Castle Age
21:58 Fletching
23:44 Gold Mining
24:04 Bodkin Arrow
24:21 Heavy Plow
24:32 Bow Saw
24:37 Town Watch
26:04 Padded Archer Armor
27:01 Husbandry
30:20 Bloodlines
30:15 Padded Archer Armor
31:54 Gold Shaft Mining
32:18 Hand Cart
HIT_007
3:30 Loom
11:30 Feudal Age
16:41 Castle Age
17:33 Double-Bit Axe
17:34 Horse Collar
19:47 Fletching
23:06 Bodkin Arrow
24:46 Medium Warships
31:14 Bow Saw
31:07 Heavy Plow
31:01 Gold Mining
31:02 Stone Mining
Connection lost

Rejoining the realm…

Still unreachable

The connection could not be restored.

Session expired

The server has moved on; the page needs a fresh start.